 Dungeon Crawl Stone Soup version 0.26-a0-259-g1effd001a9 (webtiles) character file.

Game seed: 8510089016848279654

95 drasked the Chucker (level 4, -6/41 HPs)
             Began as an Ogre Arcane Marksman on July 27, 2020.
             Killed from afar by an orc wizard (7 damage)
             ... with a magic dart
             ... on level 3 of the Dungeon.
             The game lasted 00:04:50 (3159 turns).

drasked the Chucker (Ogre Arcane Marksman)          Turns: 3159, Time: 00:04:50

Health: -6/41      AC:  3    Str: 15    XL:     4   Next: 66%
Magic:  5/5        EV: 10    Int: 14    God:
Gold:   230        SH:  0    Dex:  9    Spells: 4/5 levels left

rFire    . . .     SeeInvis .   f - +0 mace
rCold    . . .     Faith    .   (no shield)
rNeg     . . .     Spirit   .   a - +0 robe
rPois    .         Reflect  .   (helmet restricted)
rElec    .         Harm     .   (no cloak)
rCorr    .                      (gloves unavailable)
MR       .....                  (boots unavailable)
Stlth    ++........             (no amulet)
HPRegen  0.13/turn              l - ring of stealth {Stlth+Stlth+}
MPRegen  0.09/turn              (no ring)

@: confused
A: large, unfitting armour, tough skin 1
a: no special abilities


You were on level 3 of the Dungeon.
You were not hungry.

You visited 1 branch of the dungeon, and saw 3 of its levels.

You collected 230 gold pieces.

Inventory:

Hand Weapons
 f - a +0 mace (weapon)
   (You took it off a kobold on level 1 of the Dungeon)
Missiles
 c - 3 large rocks {!d!d}
 d - a throwing net (quivered) {=f, !d=f}
 Q - 139 stones
Armour
 a - a +0 robe (worn)
Jewellery
 l - a ring of stealth (left hand) {Stlth+Stlth+}
   (You found it on level 2 of the Dungeon)
Scrolls
 b - a scroll of amnesia {unknown}
 g - a scroll of identify {unknown}
 h - 2 scrolls of blinking {unknown}
 i - 2 scrolls of enchant weapon {unknown}
 k - a scroll of remove curse {unknown}
Potions
 j - a potion of berserk rage {unknown}
 m - a potion of degeneration {unknown}
 n - a potion of curing {unknown}
Comestibles
 e - 8 rations


   Skills:
 - Level 1.3 Fighting
 + Level 2.1 Maces & Flails
 + Level 3.9 Throwing
 - Level 1.7 Dodging
 - Level 1.2 Spellcasting
 - Level 2.6 Hexes


You had 4 spell levels left.
You knew the following spells:

 Your Spells              Type           Power        Failure   Level
v - Corona                Hex            #......      9%          1

Your spell library contained the following spells:

 Spells                   Type           Power        Failure   Level
 Slow                     Hex            #.......     13%         2
 Inner Flame              Hex/Fire       #.......     41%         3
 Portal Projectile        Hex/Tloc       #.....       41%         3
 Cause Fear               Hex            #.........   65%         4
 Leda's Liquefaction      Hex/Erth       #.........   83%         4


Dungeon Overview and Level Annotations

Branches:
Dungeon (3/15)

Altars:
The Shining One

Annotations:
D:3 1 runed translucent door


Innate Abilities, Weirdness & Mutations

You are too large for most types of armour.
You have tough skin. (AC +1)


Message History

Aim: an orc, wielding a +0 short sword (almost dead)
You throw a stone. The stone closely misses the orc.
An orc comes into view. It is wielding a +0 trident.
Things that are here:
a +0 club; a jackal corpse Throwing (i - inventory. (/) - cycle)
Q - 152 stones (quivered)
Aim: an orc You throw a stone.
The stone barely misses the orc.
Throwing (i - inventory. (/) - cycle)
Q - 151 stones (quivered)
Aim: an orc You throw a stone.
The stone hits the orc.
Throwing (i - inventory. (/) - cycle)
Q - 150 stones (quivered)
Aim: an orc (severely wounded)
You throw a stone. The stone hits the orc.
You hit the orc.
You kill the orc!
Throwing (i - inventory. (/) - cycle)
Q - 149 stones (quivered)
Aim: an orc, wielding a +0 short sword (almost dead)
You throw a stone. The stone hits the orc.
You kill the orc!
Throwing (i - inventory. (/) - cycle)
Q - 148 stones (quivered)
Aim: an orc, wearing a +0 leather armour You throw a stone.
The stone closely misses the orc.
The orc shouts!
Throwing (i - inventory. (/) - cycle)
Q - 147 stones (quivered)
Aim: an orc, wearing a +0 leather armour You throw a stone.
The stone closely misses the orc.
Throwing (i - inventory. (/) - cycle)
Q - 146 stones (quivered)
Aim: an orc, wearing a +0 leather armour You throw a stone.
The stone hits the orc but does no damage.
You thump the orc!
You kill the orc!
An orc wizard comes into view. It is wielding a +0 dagger.
The orc hits you from afar with a +0 trident!
Throwing (i - inventory. (/) - cycle)
Q - 145 stones (quivered)
Aim: an orc, wielding a +0 trident You throw a stone.
The stone hits the orc.
The orc barely misses you.
Throwing (i - inventory. (/) - cycle)
Q - 144 stones (quivered)
Aim: an orc, wielding a +0 trident (heavily wounded)
You throw a stone. The stone hits the orc.
You kill the orc!
Throwing (i - inventory. (/) - cycle)
Q - 143 stones (quivered)
Aim: an orc wizard, wielding a +0 dagger and wearing a +0 robe You throw a stone.
The stone barely misses the orc wizard.
Throwing (i - inventory. (/) - cycle)
Q - 142 stones (quivered)
Aim: an orc wizard, wielding a +0 dagger and wearing a +0 robe You throw a stone.
The stone hits the orc wizard but does no damage.
Throwing (i - inventory. (/) - cycle)
Q - 141 stones (quivered)
Aim: an orc wizard, wielding a +0 dagger and wearing a +0 robe You throw a stone.
The stone closely misses the orc wizard.
Throwing (i - inventory. (/) - cycle)
Q - 140 stones (quivered)
Aim: an orc wizard, wielding a +0 dagger and wearing a +0 robe You throw a stone.
The stone closely misses the orc wizard.
You hit the orc wizard.
The orc wizard hits you with a +0 dagger.
The orc wizard hits you but does no damage.
You closely miss the orc wizard.
The orc wizard hits you but does no damage.
You closely miss the orc wizard.
The orc wizard hits you with a +0 dagger.
You closely miss the orc wizard.
The orc wizard mumbles some strange words.
The orc wizard flickers and vanishes!
Deactivating autopickup; reactivate with Ctrl-A.
You barely miss something.
Something hits you but does no damage. x2
You closely miss something. Something hits you.
You miss something. Something hits you.
* * * LOW HITPOINT WARNING * * *
You closely miss something.
You hear some strange, mumbled words.
You are confused.
Something hits you but does no damage.
You bump into the rock wall.
Something hits you.
* * * LOW HITPOINT WARNING * * *
You miss something. Something hits you but does no damage.
You hear some strange, mumbled words.
You are more confused.
Something hits you but does no damage.
You closely miss something.
You hear some strange, mumbled words.
A magic dart appears from out of thin air!
The magic dart hits you!
* * * LOW HITPOINT WARNING * * *
You closely miss something. Something hits you.
* * * LOW HITPOINT WARNING * * *
Quiver which item? (- for none, * to show all) (? for menu, Esc to quit)
Quivering
d - 2 throwing nets {=f, !d=f} for throwing.
Throwing (i - inventory. (/) - cycle)
d - 2 throwing nets (quivered)
{=f, !d=f} You throw a throwing net {=f, !d=f}.
Something hits you.
* * * LOW HITPOINT WARNING * * *
You miss something. Something hits you.
* * * LOW HITPOINT WARNING * * *
You hear some strange, mumbled words.
A magic dart appears from out of thin air!
The magic dart hits you!
You die...

####### ##### #.##########+#
####.....#####...###.#### #......
..................##....# #......
...#..............##....# #......
..................##....# ####...
.....##...........##....######...
.....+.......)..).......+........
##...##......#######....#######.#
''..........((){@................
##...##....÷(########...##.......
#.....†............ ...##.......
#.................. ...##.......
#....†............. ...#####.###
#..†...o(.......... ... ..
#................). ...
##................(.
..##.............###


There were no monsters in sight!

Levels and vault maps discovered:
D:1:      dpeg_arrival_morbid_curiosity, layout_basic
D:2:      layout_basic
D:3:      layout_basic, first_ration, lemuel_angel_altar

Notes
Turn   | Place    | Note
-------+----------+-------------------------------------------
     0 | D:1      | drasked the Ogre Arcane Marksman began the quest for the
                  | Orb.
     0 | D:1      | Reached XP level 1. HP: 19/19 MP: 2/2
   371 | D:1      | Identified a +0 mace
   446 | D:1      | Reached XP level 2. HP: 23/27 MP: 3/3
   715 | D:1      | Identified a +0 club
   717 | D:1      | Identified a +0 dagger
  1442 | D:2      | Reached skill level 3 in Throwing
  1561 | D:2      | Reached skill level 1 in Maces & Flails
  1561 | D:2      | Reached XP level 3. HP: 33/33 MP: 4/4
  1580 | D:2      | Identified a +0 dagger
  1580 | D:2      | Identified a +0 hunting sling
  1892 | D:2      | HP: 8/33 [adder (4)]
  2143 | D:2      | Identified a ring of stealth (You found it on level 2 of
                  | the Dungeon)
  2171 | D:2      | Identified a +0 club
  2265 | D:2      | Identified a +0 club
  2540 | D:3      | Reached XP level 4. HP: 41/41 MP: 5/5
  2583 | D:3      | Identified a +0 whip
  2638 | D:3      | Identified a cursed -3 dagger
  2639 | D:3      | Found a glowing golden altar of the Shining One.
  2639 | D:3      | Identified a +1 whip of holy wrath
  2639 | D:3      | Identified a cursed +0 robe
  2639 | D:3      | Noticed an angel
  2698 | D:3      | Found a runed translucent door.
  2732 | D:3      | Identified a +0 club
  2899 | D:3      | Identified a +0 dagger
  2909 | D:3      | Identified a +0 spear
  2924 | D:3      | Identified a +1 vorpal hand axe
  2924 | D:3      | Identified a +0 hunting sling
  2976 | D:3      | Identified a +0 club
  2979 | D:3      | Reached skill level 2 in Maces & Flails
  3114 | D:3      | Identified a +0 short sword
  3118 | D:3      | Identified a +0 leather armour
  3120 | D:3      | Identified a +0 trident
  3137 | D:3      | Identified a +0 dagger
  3137 | D:3      | Identified a +0 robe
  3156 | D:3      | HP: 9/41 [something/magic dart (8)]
  3158 | D:3      | HP: 4/41 [something (2)]
  3159 | D:3      | HP: 1/41 [something (3)]
  3159 | D:3      | Killed from afar by an orc wizard

Table legend:
 A = Turns spent in this place as a percentage of turns spent in the entire game.
 B = Non-inter-level travel turns spent in this place as a percentage of non-inter-level travel turns spent in the entire game.
 C = Inter-level travel turns spent in this place as a percentage of turns spent in this place.
 D = Turns resting spent in this place as a percentage of non-inter-level travel turns spent in this place.
 E = Turns spent auto-exploring this place as a percentage of non-inter-level travel turns spent in this place.
 F = Non-inter-level travel turns spent in this place divided by the number of levels of this place that you've seen.
                   A       B       C       D       E      F
               +-------+-------+-------+-------+-------+----------------------
         Total | 100.0 | 100.0 |   2.8 |  36.7 |  47.2 | 1023.7
       Dungeon | 100.0 | 100.0 |   2.8 |  36.7 |  47.2 | 1023.7
               +-------+-------+-------+-------+-------+----------------------

Table legend:
 A = Kills in this place as a percentage of kills in entire the game.
 B = Kills by you in this place as a percentage of kills by you in the entire game.
 C = Kills by friends in this place as a percentage of kills by friends in the entire game.
 D = Other kills in this place as a percentage of other kills in the entire game.
 E = Experience gained in this place as a percentage of experience gained in the entire game.
 F = Experience gained in this place divided by the number of levels of this place that you have seen.
                   A       B       C       D       E      F
               +-------+-------+-------+-------+-------+----------------------
         Total | 100.0 | 100.0 |   N/A |   N/A | 100.0 |  45.7
       Dungeon | 100.0 | 100.0 |   N/A |   N/A | 100.0 |  45.7
               +-------+-------+-------+-------+-------+----------------------

Skill      XL: |  1  2  3  4 |
---------------+-------------+-----
Throwing       | 3 |  3.9
Maces & Flails | 1 2 |  2.1
Fighting       | |  1.3
Dodging        | |  1.7
Spellcasting   | |  1.2
Hexes          | |  2.6

Action                   |  1- 3 |  4- 6 || total
-------------------------+-------+-------++-------
Melee: Unarmed           |    28 |       ||    28
       Mace              |    42 |    46 ||    88
Throw: Stone             |    90 |    83 ||   173
       Large rock        |     8 |       ||     8
       Throwing net      |     2 |     1 ||     3
  Eat: Ration            |     2 |       ||     2
Armor: Robe              |    19 |    17 ||    36
Dodge: Dodged            |    57 |    13 ||    70

Vanquished Creatures
  A gnoll (D:3)
  3 adders (D:2)
  2 dart slugs
  2 leopard geckos
  5 orcs (D:3)
  3 bats
  A giant cockroach (D:3)
  6 goblins
  6 hobgoblins
  2 jackals (D:3)
  6 kobolds
  4 frilled lizards
  7 rats
48 creatures vanquished.
